AoeStats
← stepych

Nomad

503457865Analyzed
1v1 RM · 1mo ago on Aug 31, 2026· 36m 18s· 2 players
Game mode
Random Map
Map size
126×126
Population
200
Speed
Normal
Resources
Standard
Victory
Conquest
Starting age
Dark Age
Ending age
Imperial Age
RankedLock teamsTeams togetherTeam positionsShared explorationLock speedFull tech treeHidden civsTurbo modeCheats
Victory
Defeat
🇷🇺 Wei · Russia
1045
+46
🇪🇸 Malians · Spain
1044
-34
16cpb
10:51 Loom
14:32 Feudal Age
16:40 Wheelbarrow
17:36 Gold Mining
19:13 Forging
23:58 Stone Mining
27:59 Castle Age
27:14 Scale Mail Armor
27:06 Fletching
27:17 Padded Archer Armor
27:43 Double-Bit Axe
27:42 Horse Collar
29:58 Bow Saw
29:51 Heavy Plow
29:57 Pikeman
stepych
3:42 Loom
15:40 Feudal Age
13:56 Loom
16:24 Horse Collar
18:31 Wheelbarrow
17:47 Double-Bit Axe
20:36 Town Watch
24:13 Castle Age
23:28 Padded Archer Armor
23:19 Fletching
24:26 Gold Mining
25:26 Husbandry
25:37 Bloodlines
25:00 Light Cavalry
26:30 Bow Saw
26:54 Bodkin Arrow
27:15 Leather Archer Armor
27:21 Scale Barding Armor
27:58 Forging
29:46 Thumb Ring
33:03 Ballistics
Connection lost

Rejoining the realm…

Still unreachable

The connection could not be restored.

Session expired

The server has moved on; the page needs a fresh start.